 Dungeon Crawl Stone Soup version 0.30.0-29-ga12c61a403 (webtiles) character file.

Game seed: 1780040641304354854

23 Sabo the Trooper (level 2, 24/24 HPs)
             Began as a Demonspawn Monk on June 25, 2023.
             Got out of the dungeon alive.
             The game lasted 00:02:15 (548 turns).

Sabo the Trooper (Demonspawn Monk)                   Turns: 548, Time: 00:02:16

Health: 24/24      AC:  6    Str: 11    XL:     2   Next: 75%
Magic:  2/2        EV: 13    Int: 11    God:
Gold:   14         SH:  0    Dex: 15    Spells: 1/1 levels left

rFire   . . .        a - +0 hand axe
rCold   . . .        d - orb {light}
rNeg    . . .        b - +0 robe
rPois   .            (no helmet)
rElec   .            (no cloak)
rCorr   .            (no gloves)
SInv    .            (no boots)
Will    .....        (no amulet)
Stlth   +            e - +4 ring of protection
HPRegen 0.24/turn    (no ring)
MPRegen 0.16/turn

%: no passive effects
@: glowing
A: magic regeneration
a: no special abilities


You escaped.
You visited 1 branch of the dungeon, and saw 1 of its levels.

You collected 14 gold pieces.

Inventory:

Hand Weapons
 a - a +0 hand axe (weapon)
Armour
 b - a +0 robe (worn)
 d - an orb of light (worn)
Jewellery
 e - a +4 ring of protection (left hand)
Scrolls
 h - a scroll of silence {unknown}
Potions
 c - a potion of ambrosia
 f - a potion of magic {unknown}
 g - a potion of heal wounds {unknown}


   Skills:
 + Level 3.3 Fighting
 + Level 3.1 Axes
 + Level 3.0 Dodging


You had one spell level left.
You didn't know any spells.
Your spell library was empty.

Dungeon Overview and Level Annotations

Branches:
Dungeon (1/15)

Altars:


Innate Abilities, Weirdness & Mutations

You regenerate magic rapidly.


Message History

An endoplasm comes into view.
The endoplasm quivers.
Found 11 gold pieces.
A hobgoblin comes into view.
The hobgoblin shouts!
The endoplasm hits you but does no damage.
You hit the endoplasm but do no damage. The endoplasm hits you.
An endoplasm comes into view.
You hit the endoplasm.
The endoplasm is heavily wounded.
The endoplasm freezes you.
You are frozen.
You hit the endoplasm.
The endoplasm is severely wounded.
The endoplasm misses you.
You hit the endoplasm.
You kill the endoplasm!
The hobgoblin barely misses you.
The hobgoblin hits you but does no damage.
You hit the hobgoblin.
The hobgoblin is severely wounded.
The hobgoblin barely misses you.
You hit the hobgoblin.
You kill the hobgoblin!
The endoplasm barely misses you.
You hit the endoplasm.
The endoplasm is severely wounded.
The endoplasm completely misses you.
You hit the endoplasm.
You kill the endoplasm!
Found a scroll labelled ELANICUS FUAS.
Found a stone staircase leading down.
Found 8 stones.
h - a scroll labelled ELANICUS FUAS You now have 14 gold pieces (gained 11).
There is a staircase leading out of the dungeon here.
You can't go down here!
Are you sure you want to leave the Dungeon?
This will make you lose the game!
Uppercase [Y]es or [N]o only, please.
Are you sure you want to leave the Dungeon?
This will make you lose the game!
You have escaped!

.........##
#..........######
####.###..####
#............## #
#...##....#
#.##########..###
###.#####.####.#
##...# #.# #..#...#
###.. #.# ##.#.###
### #.# #.#.#
####### #.# #...##
##.....## #.#
##..@####.......##
#.#
#..##...........#
#.#
#.##............#
#.#
###.##............#
#.#
#...##..^.........#
#.#
#.#######.........#
#.# #.# ##.......##
#.# #.# #.........#
#.# #.# #.........#


There were no monsters in sight!

Vanquished Creatures
  A dart slug (D:1)
  3 endoplasms (D:1)
  A giant cockroach (D:1)
  2 hobgoblins (D:1)
  4 jackals (D:1)
  2 quokkas (D:1)
  3 ball pythons (D:1)
  A bat (D:1)
  A kobold (D:1)
18 creatures vanquished.

Notes
Turn   | Place    | Note
-------+----------+-------------------------------------------
     0 | D:1      | Sabo the Demonspawn Monk began the quest for the Orb.
     0 | D:1      | Reached XP level 1. HP: 18/18 MP: 1/1
   115 | D:1      | Gained mutation: You regenerate magic rapidly. [demonic
                  | ancestry]
   115 | D:1      | Reached XP level 2. HP: 14/24 MP: 2/2
   548 | D:$      | Got out of the dungeon alive.

Illustrated notes

Levels and vault maps discovered:
D:1:      saegor_arrival_simple_a, layout_rooms

Skill      XL: |  1  2 |
---------------+-------+-----
Axes           | 3 |  3.1
Dodging        | 3 |  3.0
Fighting       | |  3.3

Action                     || total
---------------------------++-------
  Melee: Hand axe          ||    41
 Armour: Robe              ||     8
  Dodge: Dodged            ||    47
